[Event "Live Chess"]
[Site "Chess.com"]
[Date "2024.06.02"]
[Round "-"]
[White "Duke_of_Bebington"]
[Black "TheSmoulderingMaster"]
[Result "0-1"]
[WhiteElo "1631"]
[BlackElo "1779"]
[TimeControl "300"]
[EndTime "4:45:36 PDT"]
[Termination "TheSmoulderingMaster won by checkmate"]

1. e4 c5 2. Nf3 d6 3. c3 Nc6 4. d4 cxd4 5. cxd4 Nf6 6. d5 Nb8 7. Nc3 g6 8. Bb5+ Nbd7 9. O-O a6 10. Ba4 b5 11. Bc2 Bg7 12. a3 O-O 13. Be3 Bb7 14. Qd2 Ng4 15. Bd4 Nge5 16. Nxe5 Nxe5 17. f4 Nc4 18. Qf2 Nxb2 19. Bxg7 Kxg7 20. Nxb5 axb5 21.
Qd4+ Kg8 22. Qxb2 Ba6 23. Rf3 Rc8 24. Bd3 Qb6+ 25. Kh1 Rc7 26. e5 Rfc8 27. f5 b4 28.
Bxa6 Qxa6 29. a4 Rc2 30. Qxb4 Rc1+ 31. Rf1 R1c4 32. Qb5 Qxb5 33. axb5 Rb4 34. fxg6 hxg6 35. exd6 exd6 36. Rf6 Rd8 37. Raf1 Rd7 38. Rd1 Rxb5 39. g4 Kg7 40. g5 Rdb7 41. Rxd6 Rb1 42. Rxb1 Rxb1+ 43. Kg2 Rd1 44. Rd8 f5 45. gxf6+ Kxf6 46. d6 Ke6 47. d7 Ke7 48. Rg8 Rxd7 49. Rg7+ Ke6 50.
Rxd7 Kxd7 51. Kg3 Ke6 52. Kg4 Kf6 53. h3 Kg7 54. Kg5 Kh7 55. Kf6 Kh6 56. Ke5 Kh5 57.
Kf4 g5+ 58. Kg3 Kg6 59. Kg4 Kh6 60. Kg3 Kh5 61. Kh2 Kh4 62. Kg2 Kh5 63. Kg3 Kh6 64.
Kg4 Kg6 65. Kg3 Kf5 66. h4 g4 67. Kg2 Kf4 68. h5 Kg5 69. Kg3 Kxh5 70. Kh2 Kh4 71.
Kh1 Kh3 72. Kg1 Kg3 73. Kh1 Kf2 74. Kh2 g3+ 75. Kh1 g2+ 76. Kh2 g1=R 77. Kh3 Rg8 78. Kh4 Kf3 79. Kh5 Kf4 80. Kh6 Kf5 81. Kh7 Rg1 82. Kh6 Rg2 83. Kh7 Kf6 84. Kh8 Kf7 85.
Kh7 Rh2# 0-1

[Event "Live Chess"]
[Site "Chess.com"]
[Date "2024.06.02"]
[Round "-"]
[White "Tatarinov_Maxim"]
[Black "f4nomore"]
[Result "1-0"]
[WhiteElo "2286"]
[BlackElo "1277"]
[TimeControl "300"]
[EndTime "4:45:54 PDT"]
[Termination "Tatarinov_Maxim won by resignation"]

1. Nf3 g6 2. g3 Bg7 3. Bg2 d6 4. O-O Nf6 5. c4 O-O 6. d4 Nbd7 7. Nc3 c5 8. d5 Rb8 9. a4 a6 10.
a5 b6 11. axb6 Qxb6 12. Nd2 Ng4 13. h3 Nge5 14. f4 Qd8 15. fxe5 Nxe5 16. Kh2 e6 17. Qc2 exd5 18. cxd5 f5 19. Nf3 Nc4 20. b3 Ne5 21. Bf4 Nxf3+ 22. Bxf3 g5 23. Bd2 Qf6 24. Ra4 Rb4 25. Rxb4 cxb4 26. Nd1 a5 27. Bg2 Qg6 28. Ne3 g4 29. Nc4 f4 30. Qxg6 fxg3+ 31. Kxg3 hxg6 32. Rxf8+ Kxf8 33. hxg4 Be5+ 34. Bf4 Bxf4+ 35. Kxf4 Ke7 36.
Be4 Bb7 37. Nxa5 Ba8 38. g5 Kd7 39. Ke3 Ke7 40. Kd4 Kd7 41. Bxg6 Ke7 42. Be4 Kf7 43. Nc6 Kg7 44. Nxb4 1-0

[Event "Live Chess"]
[Site "Chess.com"]
[Date "2024.06.02"]
[Round "-"]
[White "slava_ukr"]
[Black "Pandreq"]
[Result "1-0"]
[WhiteElo "2384"]
[BlackElo "1234"]
[TimeControl "300"]
[EndTime "4:46:06 PDT"]
[Termination "slava_ukr won by resignation"]

1. e4 Nf6 2. Nc3 Nc6 3. Nf3 d6 4. d4 e5 5. dxe5 Nxe5 6. Nxe5 dxe5 7. Qxd8+ Kxd8 8. f4 Bd6 9. fxe5 Bxe5 10. Bg5 h6 11.
O-O-O+ Bd7 12. Bxf6+ Bxf6 13. Bc4 Bg5+ 14. Kb1 f6 15.
Be6 Ke7 16. Bxd7 Rad8 17. Ba4 c6 18. Bb3 Rd7 19. Rxd7+ Kxd7 20. Rd1+ Kc7 21. a4 Bf4 22. Be6 Rd8 23. Rxd8 Kxd8 24. h3 Be5 25. Kc1 b6 26.
Kd2 c5 27. Kd3 Bd4 28. b3 Ke7 29. Bf5 g5 30. Nb5 a6 31. Nxd4 cxd4 32. Kxd4 Kd6 33. b4 h5 34. c4 h4 35. c5+ bxc5+ 36. bxc5+ Kc6 37. Kc4 a5 38. Bg4 1-0

[Event "Live Chess"]
[Site "Chess.com"]
[Date "2024.06.02"]
[Round "-"]
[White "Hoogleboogle"]
[Black "Queensandpawns"]
[Result "0-1"]
[WhiteElo "1265"]
[BlackElo "2249"]
[TimeControl "300"]
[EndTime "4:46:07 PDT"]
[Termination "Queensandpawns won by checkmate"]

1. d4 e5 2. dxe5 Bc5 3. e3 Nc6 4. Nf3 d6 5. exd6 Bxd6 6. Bb5 Ne7 7. O-O O-O 8. Bxc6 Nxc6 9. Nc3 Bg4 10. h3 Bh5 11. g4 Bg6 12. Nh4 Qxh4 13. Qf3 f5 14. Qd5+ Kh8 15. Kg2 fxg4 16. Rh1 Qxf2# 0-1

[Event "Live Chess"]
[Site "Chess.com"]
[Date "2024.06.02"]
[Round "-"]
[White "NeilDruggan73"]
[Black "kylet1990"]
[Result "1-0"]
[WhiteElo "1707"]
[BlackElo "750"]
[TimeControl "300"]
[EndTime "4:46:30 PDT"]
[Termination "NeilDruggan73 won by resignation"]

1. d4 c6 2. Nf3 d5 3. Bg5 Bf5 4.
c3 e6 5. Bxd8 Kxd8 6. Ne5 Be7 7.
Nxf7+ Kc7 8. Nxh8 Nh6 9. f3 e5 10. g4 Bxg4 11. fxg4 1-0

[Event "Live Chess"]
[Site "Chess.com"]
[Date "2024.06.02"]
[Round "-"]
[White "Dhaydon19"]
[Black "CheckThis4"]
[Result "1-0"]
[WhiteElo "2652"]
[BlackElo "2689"]
[TimeControl "300"]
[EndTime "4:46:44 PDT"]
[Termination "Dhaydon19 won by resignation"]

1. e4 c5 2. Nf3 d6 3. Bb5+ Nd7 4. c3 Nf6 5. d3 a6 6. Ba4 g6 7. O-O Bg7 8. Bc2 O-O 9. Re1 e5 10. Nbd2 b5 11. a4 Bb7 12. Nf1 Nh5 13. Bb3 Qc7 14. Ne3 Nf4 15. g3 Ne6 16. Bd5 Nb6 17. axb5 axb5 18. Rxa8 Bxa8 19. Bxa8 Rxa8 20. Qb3 Qd7 21. h4 Rc8 22. Rd1 Nc7 23. Kg2 Qe6 24. Qc2 d5 25. h5 d4 26. cxd4 cxd4 27. Nf1 Ne8 28. Qe2 h6 29. hxg6 fxg6 30. Nh4 Kh7 31. Nh2 Bf6 32.
N2f3 Ng7 33. Rh1 Nd7 34. Bxh6 Nh5 35. Nxg6 Kxg6 36. Nxd4 exd4 37. Qxh5+ Kh7 38. Bf4+ Kg8 39. Qg6+ Kf8 40. Rh8+ Ke7 41. Rxc8 Nf8 42. Re8+ 1-0

[Event "Live Chess"]
[Site "Chess.com"]
[Date "2024.06.02"]
[Round "-"]
[White "Velocity"]
[Black "Colm_Buckley"]
[Result "0-1"]
[WhiteElo "1708"]
[BlackElo "1873"]
[TimeControl "300"]
[EndTime "4:47:23 PDT"]
[Termination "Colm_Buckley won by checkmate"]

1. e4 c6 2. d4 d5 3. Nd2 dxe4 4.
Nxe4 Bf5 5. Ng3 Bg6 6. Nf3 Nd7 7. Be2 Ngf6 8. Be3 e6 9. c3 Bd6 10. Qd2 Qc7 11. O-O O-O 12. Rfe1 e5 13. dxe5 Nxe5 14.
Bd4 Rad8 15. Nxe5 Bxe5 16. Bxe5 Qxe5 17. Qc1 Qc5 18. Bf3 h6 19. Qf4 Nd5 20. Qa4 b5 21.
Qb3 a5 22. a4 Nf4 23. axb5 Nd3 24. Red1 Nxf2 25. Qa3 Nh3+ 26. Kh1 Qg1+ 27. Rxg1 Nf2# 0-1

[Event "Live Chess"]
[Site "Chess.com"]
[Date "2024.06.02"]
[Round "-"]
[White "PureDashingOctopus"]
[Black "wadsy27"]
[Result "0-1"]
[WhiteElo "2274"]
[BlackElo "2596"]
[TimeControl "300"]
[EndTime "4:47:28 PDT"]
[Termination "wadsy27 won by checkmate"]

1. e4 e6 2. d4 d5 3. Nd2 h6 4. c3 Nf6 5. e5 Nfd7 6. Bd3 c5 7. Ne2 Nc6 8. O-O a5 9. f4 cxd4 10. cxd4 Qb6 11. Nf3 a4 12. Kh1 g6 13. g4 h5 14.
gxh5 Rxh5 15. Ng3 Rh8 16. a3 Nxd4 17. Be3 Nxf3 18. Qxf3 Qxb2 19. Qg4 Qxh2# 0-1

[Event "Live Chess"]
[Site "Chess.com"]
[Date "2024.06.02"]
[Round "-"]
[White "Pandreq"]
[Black "Bradfield133"]
[Result "0-1"]
[WhiteElo "1234"]
[BlackElo "1844"]
[TimeControl "300"]
[EndTime "4:47:37 PDT"]
[Termination "Bradfield133 won by resignation"]

1. d4 d6 2. c4 f5 3. Nc3 Nf6 4. Nf3 c6 5. Bg5 Nbd7 6. e3 e5 7. dxe5 dxe5 8. Bxf6 Qxf6 9. Bd3 e4 10. Bxe4 fxe4 11. Nxe4 Qxb2 0-1

[Event "Live Chess"]
[Site "Chess.com"]
[Date "2024.06.02"]
[Round "-"]
[White "dhairyapandyauk"]
[Black "RamsayFlayer"]
[Result "0-1"]
[WhiteElo "1638"]
[BlackElo "1926"]
[TimeControl "300"]
[EndTime "4:47:44 PDT"]
[Termination "RamsayFlayer won by checkmate"]

1. e4 e5 2. Nf3 Nc6 3. c3 Nf6 4.
d4 exd4 5. e5 Ne4 6. cxd4 d5 7.
Nc3 Bb4 8. Bd2 Nxd2 9. Qxd2 Bg4 10. Be2 O-O 11. h3 Bh5 12. O-O Na5 13. Qc2 Nc4 14. a3 Ba5 15. b4 Bb6 16. Rfd1 c6 17. Bxc4 dxc4 18. Qf5 Bg6 19. Qf4 Bd3 20. Na4 f6 21. Nb2 fxe5 22. Qxe5 Rxf3 23. gxf3 Bxd4 24. Qe6+ Kh8 25.
Nxd3 Bxa1 26. Qxc4 Qg5+ 27. Qg4 Qxg4+ 28. fxg4 Bf6 29. Nc5 Rd8 30. Rxd8+ Bxd8 31. Nxb7 Bc7 32. Nc5 Kg8 33. Kg2 Kf7 34. Kf3 Ke7 35. Ke4 Kd6 36. f4 Bb6 37. g5 g6 38. h4 Bxc5 39. bxc5+ Kxc5 40. h5 gxh5 41. f5 Kd6 42. g6 hxg6 43.
fxg6 Ke6 44. Kf4 Kf6 45. g7 Kxg7 46. Kg5 c5 47. Kxh5 c4 48. Kg4 c3 49. Kf3 c2 50. Ke2 c1=Q 51. Kd3 Qxa3+ 52. Kd4 Qb4+ 53. Ke3 a5 54. Kd3 a4 55. Ke3 a3 56. Kd3 a2 57.
Kc2 a1=Q 58. Kd3 Qd1+ 59. Ke3 Qbd4# 0-1

[Event "Live Chess"]
[Site "Chess.com"]
[Date "2024.06.02"]
[Round "-"]
[White "friarnator"]
[Black "upoe610"]
[Result "1-0"]
[WhiteElo "2208"]
[BlackElo "2134"]
[TimeControl "300"]
[EndTime "4:47:52 PDT"]
[Termination "friarnator won by resignation"]

1. d4 Nf6 2. Nc3 d5 3. Bf4 e6 4. e3 Bb4 5. f3 c5 6. Ne2 Nc6 7.
a3 Bxc3+ 8. Nxc3 cxd4 9. exd4 Nh5 10. Be3 O-O 11. Bd3 f5 12. O-O f4 13. Bf2 Qg5 14.
Kh1 Rf6 15. Ne2 Rh6 16. Qd2 e5 17. g4 Bxg4 18. fxg4 Qxg4 19. Rg1 Qf3+ 20. Rg2 e4 21. Ng1 Ng3+ 22. Bxg3 Rxh2+ 23. Bxh2 Qh5 24. Qxf4 exd3 25. Qg4 Qf7 26. Rf1 1-0

[Event "Live Chess"]
[Site "Chess.com"]
[Date "2024.06.02"]
[Round "-"]
[White "E2E4colchester"]
[Black "MovebyMove"]
[Result "0-1"]
[WhiteElo "1365"]
[BlackElo "2446"]
[TimeControl "300"]
[EndTime "4:48:00 PDT"]
[Termination "MovebyMove won by checkmate"]

1. d4 d5 2. c4 dxc4 3. e3 Nf6 4. Bxc4 e6 5. Nc3 c5 6. Nf3 Nc6 7. O-O a6 8. dxc5 Qxd1 9. Rxd1 Bxc5 10. a3 O-O 11. b4 Be7 12. Bb2 b5 13. Bb3 Bb7 14.
Ne2 Rfd8 15. h3 Kf8 16. Ned4 Nxd4 17. Bxd4 a5 18. Ne5 axb4 19. axb4 Bxb4 20. Nd3 Be7 21. Rxa8 Rxa8 22. Bc5 Rd8 23. Bxe7+ Kxe7 24. Nc5 Rxd1+ 25. Bxd1 Bc6 26. Be2 Kd6 27. Nb3 b4 28. Nd4 Bd5 29. Kf1 Ne4 30. Bd3 Nc5 31. Bxh7 g6 32. f3 b3 33.
Nxb3 Bxb3 34. Ke2 Ke7 35. g4 Kf6 36. e4 Kg7 37. Bxg6 fxg6 38. Ke3 Nd7 39. Kf4 Bd1 40.
h4 Kf6 41. g5+ Kf7 42. Kg4 Ne5+ 43. Kf4 Nxf3 44. Kg3 Ne5 45. Kf4 Nc6 46. Kg3 Bh5 47.
Kf4 Ke7 48. Kg3 Kd6 49. Kf4 e5+ 50. Kg3 Kc5 51. Kf2 Kd4 52. Kg3 Kxe4 53. Kf2 Kf4 54.
Ke1 e4 55. Kf2 e3+ 56. Ke1 Nd4 57. Kf1 Kg3 58. Ke1 Nc2+ 59. Kf1 e2+ 60. Kg1 e1=R# 0-1

[Event "Live Chess"]
[Site "Chess.com"]
[Date "2024.06.02"]
[Round "-"]
[White "RichardABates"]
[Black "lateforthesky"]
[Result "1-0"]
[WhiteElo "2340"]
[BlackElo "2038"]
[TimeControl "300"]
[EndTime "4:48:20 PDT"]
[Termination "RichardABates won by resignation"]

1. d4 Nf6 2. Nf3 g6 3. g3 Bg7 4. Bg2 O-O 5. c4 d6 6. O-O Nbd7 7. Nc3 e5 8. e4 exd4 9. Nxd4 Re8 10. Rb1 a6 11. a4 a5 12. b3 Ne5 13. h3 Bd7 14. Ndb5 Nc6 15. Nd5 Rc8 16. Bg5 h6 17. Nxf6+ Bxf6 18. Bxh6 Nb4 19. Qd2 Bc6 20. Rbe1 Qe7 21. f4 Bg7 22. Bxg7 Kxg7 23. f5 Qe5 24. f6+ Kh7 25.
Rf4 1-0

[Event "Live Chess"]
[Site "Chess.com"]
[Date "2024.06.02"]
[Round "-"]
[White "RuslanChessN"]
[Black "LL220284LL"]
[Result "0-1"]
[WhiteElo "1908"]
[BlackElo "2499"]
[TimeControl "300"]
[EndTime "4:48:28 PDT"]
[Termination "LL220284LL won by resignation"]

1. d4 Nf6 2. c4 c5 3. d5 b5 4. cxb5 a6 5. bxa6 Bxa6 6. Nc3 g6 7. e4 Bxf1 8. Kxf1 Bg7 9. g3 O-O 10. Kg2 d6 11. Nf3 Nbd7 12. Qe2 Nb6 13. Nd2 Qd7 14.
Nc4 Rfb8 15. Rb1 Nxc4 16. Qxc4 Rb4 17. Qd3 Qb7 18. b3 Nd7 19. Bb2 c4 20. Qf3 Ne5 21. Qe2 cxb3 22. a3 Rb6 23. Nd1 Rc8 24. Ne3 Rb5 25.
Rhc1 Rbc5 26. Rxc5 Rxc5 27. f4 Nd7 28. Bxg7 Kxg7 29.
Qb2+ Nf6 30. e5 Nxd5 31. exd6+ Kg8 32. Nxd5 Qxd5+ 33. Kg1 Rc2 0-1

[Event "Live Chess"]
[Site "Chess.com"]
[Date "2024.06.02"]
[Round "-"]
[White "ACM42"]
[Black "road2gm5000"]
[Result "1-0"]
[WhiteElo "2185"]
[BlackElo "1103"]
[TimeControl "300"]
[EndTime "4:48:49 PDT"]
[Termination "ACM42 won by checkmate"]

1. e4 c6 2. d4 d5 3. e5 c5 4. c3 Nc6 5. Nf3 cxd4 6. cxd4 Bg4 7. Bb5 e6 8. Nc3 Ne7 9. Be3 Nf5 10. h3 Nxe3 11. fxe3 Bh5 12. O-O Be7 13. Rc1 O-O 14. Ne2 Qb6 15. Qa4 Rac8 16. a3 a6 17. Bd3 Nxe5 18.
Nxe5 Bxe2 19. Bxe2 Qxb2 20. Rxc8 Rxc8 21. Bg4 Qd2 22. Qd7 Qxe3+ 23. Kh1 Rf8 24. Qxe7 Qxd4 25. Nxf7 Qb2 26. Nh6+ gxh6 27. Rxf8# 1-0

[Event "Live Chess"]
[Site "Chess.com"]
[Date "2024.06.02"]
[Round "-"]
[White "TheSmoulderingMaster"]
[Black "JanMur7"]
[Result "0-1"]
[WhiteElo "1778"]
[BlackElo "2298"]
[TimeControl "300"]
[EndTime "4:48:50 PDT"]
[Termination "JanMur7 won by resignation"]

1. e4 g6 2. d4 Bg7 3. Nc3 c5 4. Be3 cxd4 5. Bxd4 Nf6 6. Nf3 d6 7. Bc4 Nc6 8. Be3 O-O 9. O-O Ng4 10.
Bf4 Nge5 11. Bb3 Bg4 12. h3 Nxf3+ 13. gxf3 Bxh3 14. Kh2 Bxf1 15. Qxf1 Qa5 16. Nd5 e6 17. Nc3 Qh5+ 18. Kg2 Ne5 19. Qe2 Bh6 20. Rh1 Bxf4 21. Rxh5 gxh5 22. Nb5 Kh8 23. Nxd6 Rg8+ 24. Kf1 Rad8 25.
Nc4 Nxc4 26. Bxc4 Rd2 27. Qe1 h4 28. Bb3 h3 0-1

[Event "Live Chess"]
[Site "Chess.com"]
[Date "2024.06.02"]
[Round "-"]
[White "KyryloPoluliakh"]
[Black "Grace6363"]
[Result "1-0"]
[WhiteElo "1528"]
[BlackElo "1148"]
[TimeControl "300"]
[EndTime "4:48:53 PDT"]
[Termination "KyryloPoluliakh won by resignation"]

1. c4 c5 2. Nc3 Nc6 3. g3 d6 4. Bg2 Bf5 5. e3 e6 6. d4 cxd4 7. exd4 Nf6 8. Nge2 Na5 9. b3 Rb8 10. Kf1 Qc7 11. Bb2 a6 12. Nf4 e5 13. dxe5 dxe5 14. Nfd5 Nxd5 15. Nxd5 Qd7 16. Bxe5 Rd8 17. Nc7+ Ke7 18. Qxd7+ Rxd7 19. Nd5+ Ke6 20. Re1 Bd3+ 21. Kg1 Kf5 22. Bh3+ 1-0

[Event "Live Chess"]
[Site "Chess.com"]
[Date "2024.06.02"]
[Round "-"]
[White "Crowded_House"]
[Black "Andriy_Yaremovych"]
[Result "0-1"]
[WhiteElo "1648"]
[BlackElo "1630"]
[TimeControl "300"]
[EndTime "4:48:56 PDT"]
[Termination "Andriy_Yaremovych won by resignation"]

1. d4 b6 2. Bg5 Bb7 3. e3 h6 4. Bh4 g5 5. Bg3 e6 6. Nf3 d6 7. Bd3 Nd7 8. O-O h5 9. h3 Qe7 10. Nbd2 O-O-O 11. c4 f5 12. d5 h4 13. Bh2 g4 14. dxe6 gxf3 15. Nxf3 Qxe6 16. Nd4 Qf6 17. Bxf5 Kb8 18. Bxd7 Rxd7 19. f3 Rg7 20. e4 Nh6 21. Re1 Rhg8 22. Re2 Nf7 23. Nf5 Rg6 24. Qd4 Qd8 25. Bf4 Ng5 26. Bxg5 Rxg5 27. Nxh4 Rh5 28.
Nf5 Rxh3 29. Kf2 Rh2 30. Rg1 Be7 31. Nxe7 Qxe7 32. b3 Qh4+ 33. Kf1 Qf4 34. Qe3 Qe5 35. Qc1 Rf8 36. Ke1 Qg3+ 37. Kd1 Ba6 38. Rd2 Rxf3 39.
Kc2 Rc3+ 0-1

[Event "Live Chess"]
[Site "Chess.com"]
[Date "2024.06.02"]
[Round "-"]
[White "Ferrarifan27"]
[Black "StoreySniper"]
[Result "1/2-1/2"]
[WhiteElo "2174"]
[BlackElo "2497"]
[TimeControl "300"]
[EndTime "4:49:13 PDT"]
[Termination "Game drawn - insufficient material"]

1. e4 g6 2. d4 Bg7 3. Nf3 c5 4.
dxc5 Qa5+ 5. Bd2 Qxc5 6. Nc3 Nf6 7. Bd3 Nc6 8. a3 d6 9. O-O O-O 10. h3 Be6 11. Be3 Qa5 12. Nd4 Nxd4 13. Bxd4 Rfc8 14. Re1 a6 15. Qf3 b5 16. e5 dxe5 17.
Bxe5 Nd7 18. Bxg7 Kxg7 19. Rad1 Nf6 20. Qb7 Qc7 21. Qxc7 Rxc7 22. Ne4 Nxe4 23. Bxe4 Rac8 24. Rd2 a5 25. Red1 b4 26. axb4 axb4 27. Rd4 Rb8 28. b3 Bf5 29. Bxf5 gxf5 30. R1d2 e6 31. Rd7 Rxd7 32.
Rxd7 Rc8 33. Rb7 Rxc2 34. Rxb4 Rc1+ 35. Kh2 Rb1 36. Kg3 Kg6 37. Rb6 h5 38. h4 Kf6 39. f3 Rb2 40. b4 Ke5 41. Rb7 f4+ 42. Kh3 f5 43. b5 Kd4 44. b6 Ke3 45. Rh7 Rxb6 46. Rxh5 Kf2 47. Rg5 Rb1 48. Kh2 Rb8 49.
h5 Rf8 50. h6 Rh8 51. Rg6 e5 52. Rf6 e4 53. fxe4 fxe4 54. Rxf4+ Ke3 55. Rf6 Kd2 56. g4 e3 57. g5 e2 58. Rd6+ Ke3 59. Re6+ Kf4 60.
Rxe2 Kxg5 61. Re6 Rxh6+ 62. Rxh6 Kxh6 1/2-1/2

[Event "Live Chess"]
[Site "Chess.com"]
[Date "2024.06.02"]
[Round "-"]
[White "Zhevzh1k7"]
[Black "MaksymYurii"]
[Result "1-0"]
[WhiteElo "1112"]
[BlackElo "999"]
[TimeControl "300"]
[EndTime "4:49:28 PDT"]
[Termination "Zhevzh1k7 won by checkmate"]

1. e4 e5 2. Nf3 Nc6 3. Bc4 d6 4.
d4 exd4 5. Nxd4 Nxd4 6. Qxd4 Nf6 7. Nc3 Be7 8. Bg5 O-O 9. O-O c5 10. Qd3 a6 11. Nd5 Nxd5 12. Bxe7 Qxe7 13. Bxd5 Qe5 14. c3 Qg5 15. f4 Qg6 16. Bb3 Bh3 17. Qxh3 Rae8 18. f5 Qg5 19. Rae1 Qd2 20. f6 g6 21. Re3 Qxb2 22. Qh4 h5 23. Qg5 Kh7 24. Rh3 Rxe4 25. Rxh5+ gxh5 26. Qxh5+ Kg8 27. Qg5+ Kh8 28. Qg7# 1-0

[Event "Live Chess"]
[Site "Chess.com"]
[Date "2024.06.02"]
[Round "-"]
[White "Harry_Li"]
[Black "nigelst"]
[Result "1/2-1/2"]
[WhiteElo "2147"]
[BlackElo "1740"]
[TimeControl "300"]
[EndTime "4:49:41 PDT"]
[Termination "Game drawn - timeout vs insufficient material"]

1. e4 c6 2. d4 d5 3. Nd2 dxe4 4. Nxe4 Bf5 5. Ng3 Bg6 6. h4 h6 7. Nf3 Nd7 8. h5 Bh7 9. Bd3 Bxd3 10. Qxd3 e6 11.
Bd2 Ngf6 12. O-O-O Bd6 13. Ne4 Nxe4 14. Qxe4 Nf6 15.
Qe2 Qc7 16. g3 O-O 17. Kb1 a5 18. c4 Bb4 19. Bf4 Bd6 20. Ne5 Qe7 21. g4 Bxe5 22. dxe5 Nh7 23. Rd6 Rad8 24. Rhd1 Ng5 25. c5 Nh3 26.
Be3 Ng5 27. Qd3 Rxd6 28. exd6 Qd7 29. f4 Nh7 30. g5 hxg5 31. fxg5 e5 32. Qe4 Re8 33. Bd2 f5 34. gxf6 Nxf6 35. Qg6 Qf7 36. Bxa5 Qxg6+ 37. hxg6 Nd7 38. b4 e4 39. Kc2 e3 40. Re1 Nf6 41. Kd3 Re5 42. Rxe3 Rd5+ 43.
Ke2 Rg5 44. d7 Nxd7 45. Re8+ Nf8 46. Bc7 Rxg6 47. Bd6 Rf6 48. a4 Re6+ 49. Rxe6 Nxe6 50. b5 cxb5 51. axb5 Nd4+ 52. Kf1 Nxb5 53. Be5 Na7 54. Ke2 Nc6 55. Bc3 Kf7 56. Kf3 g5 57. Kg4 Kg6 58. Bd2 Nd4 59. Kg3 Ne6 60. Kg4 Nxc5 61. Be3 Ne6 62.
Bd2 b5 63. Bb4 Nd4 64. Bd2 Nb3 65. Bc3 Nc1 66. Bb4 Nd3 67. Bc3 Ne1 68. Bb4 Ng2 69.
Bd6 1/2-1/2

[Event "Live Chess"]
[Site "Chess.com"]
[Date "2024.06.02"]
[Round "-"]
[White "GwaryTek"]
[Black "JohanKjeldahl"]
[Result "1-0"]
[WhiteElo "1834"]
[BlackElo "1787"]
[TimeControl "300"]
[EndTime "4:49:42 PDT"]
[Termination "GwaryTek won by resignation"]

1. d4 Nf6 2. c4 e5 3. dxe5 Ng4 4. Nf3 Nc6 5. Nc3 Ngxe5 6. e3 Bc5 7. Be2 O-O 8. Nd4 d6 9. O-O a5 10. Ne4 Bxd4 11. exd4 Ng6 12. Ng3 Bd7 13. b3 Re8 14.
Bb2 Qg5 15. f4 Qe7 16. f5 Qe3+ 17. Kh1 Nf4 18. Rf3 Nxe2 19. Rxe3 Nxg3+ 20. Rxg3 Re4 21. d5 Nb4 22. Rxg7+ Kf8 23. Qh5 1-0

[Event "Live Chess"]
[Site "Chess.com"]
[Date "2024.06.02"]
[Round "-"]
[White "McFim"]
[Black "CarmelJane"]
[Result "0-1"]
[WhiteElo "1719"]
[BlackElo "2035"]
[TimeControl "300"]
[EndTime "4:49:43 PDT"]
[Termination "CarmelJane won by resignation"]

1. e4 c5 2. Nf3 e6 3. Nc3 a6 4. b3 b5 5. Bb2 Bb7 6. d3 Nc6 7. g3 Nf6 8. Bg2 d5 9. O-O d4 10. Ne2 e5 11. Nd2 Bd6 12. f4 Ng4 13. Qc1 Ne3 14. Rf2 exf4 15. Nxf4 Bxf4 16. Rxf4 Nb4 17. Nf1 Nexc2 18. Qd2 Nxa1 19. Bxa1 O-O 20. Rf2 Rc8 21. Bh3 Rc6 22. Qe2 Rf6 23. Rxf6 Qxf6 24. Ne3 Qg5 25. Nf1 Qc1 26. a3 Nc2 27. Kf2 0-1

[Event "Live Chess"]
[Site "Chess.com"]
[Date "2024.06.02"]
[Round "-"]
[White "defenderalist"]
[Black "elis06"]
[Result "0-1"]
[WhiteElo "1533"]
[BlackElo "2326"]
[TimeControl "300"]
[EndTime "4:50:08 PDT"]
[Termination "elis06 won by resignation"]

1. e4 c6 2. d4 d5 3. Nc3 dxe4 4. Nxe4 Nd7 5. Bc4 Ngf6 6. Nxf6+ Nxf6 7. Ne2 e6 8. Bg5 Be7 9. O-O h6 10. Bh4 O-O 11.
c3 b5 12. Bd3 Bb7 13. f4 a6 14.
f5 exf5 15. Bxf5 c5 16. Bf2 Qd5 17. Bh3 cxd4 18. Bxd4 Rad8 19. Nf4 Qc6 20. Qe2 Rfe8 21. Qf2 Ne4 22. Qc2 Ng5 23. Qf5 Bc8 24. Qd3 Nxh3+ 25. Nxh3 Bc5 26. Qf3 Qxf3 27. Rxf3 Bxd4+ 28. cxd4 Rxd4 29. Raf1 Bxh3 30. Rxh3 Rd2 31. Rhf3 f6 32. R3f2 Ree2 33.
Rxe2 Rxe2 34. Rf2 Rxf2 35. Kxf2 Kf7 36. Ke3 Ke6 37. Ke4 f5+ 38. Kd4 Kd6 39. b4 g5 40. g3 h5 41. h3 h4 42. gxh4 gxh4 43. a3 Ke6 44. Ke3 Ke5 45. Kf3 f4 46. Kg4 Ke4 47.
Kxh4 f3 48. Kg3 Ke3 49. h4 f2 50. h5 f1=Q 0-1

[Event "Live Chess"]
[Site "Chess.com"]
[Date "2024.06.02"]
[Round "-"]
[White "FlyingChessKestrel13"]
[Black "yarek"]
[Result "1-0"]
[WhiteElo "2078"]
[BlackElo "1750"]
[TimeControl "300"]
[EndTime "4:50:58 PDT"]
[Termination "FlyingChessKestrel13 won by resignation"]

1. e4 g6 2. Nf3 Bg7 3. d4 c6 4. c4 d5 5. cxd5 cxd5 6. e5 e6 7. Nc3 Ne7 8. Bg5 a6 9. Bd3 h6 10. Bh4 O-O 11. O-O Bd7 12. Qd2 Kh7 13. g4 Nbc6 14.
Qe3 Qb6 15. Rab1 Rac8 16. Bg3 Nb4 17. Be2 Bb5 18. Bxb5 axb5 19. h4 Ra8 20. Kg2 Nxa2 21. Nxa2 Rxa2 22. h5 Rc8 23. hxg6+ fxg6 24. Rh1 Rc2 25.
Bf4 Raxb2 26. Rxb2 Rxb2 27. Bxh6 Ng8 28. Ng5+ Kh8 29.
Nf7+ Kh7 30. Bg5+ Nh6 31. Nxh6 Bxh6 32. Rxh6+ Kg7 33. Bf6+ Kf7 34. Rh7+ Ke8 35. Qh6 Rxf2+ 36. Kxf2 Qxd4+ 37. Qe3 Qxg4 38. Re7+ Kf8 39. Qf3 Qd4+ 40.
Kg2 Qd2+ 41. Qf2 1-0

[Event "Live Chess"]
[Site "Chess.com"]
[Date "2024.06.02"]
[Round "-"]
[White "missedJariChance"]
[Black "booktrunk"]
[Result "0-1"]
[WhiteElo "1356"]
[BlackElo "1493"]
[TimeControl "300"]
[EndTime "4:51:06 PDT"]
[Termination "booktrunk won by checkmate"]

1. b3 e6 2. Bb2 h6 3. Nf3 b6 4. e3 Bb7 5. Be2 Nf6 6. O-O Be7 7. d4 O-O 8. c4 d5 9. cxd5 Bxd5 10. Nbd2 Nbd7 11.
Rc1 Rc8 12. Bd3 c5 13. e4 Bb7 14. e5 Nd5 15. dxc5 Nxc5 16. Bb1 Nf4 17. Re1 Nfd3 18. Bxd3 Nxd3 19. Rxc8 Qxc8 20. Ba1 Nxe1 21. Qxe1 Bb4 22. Qb1 Rd8 23. Nc4 Qd7 24. Ne3 Bd2 25. Nxd2 Qxd2 26. h3 Qd3 27. Qe1 Qd2 28. Qb1 Rc8 29. Bb2 g6 30. Nc4 Qd5 31. Nd6 Qxg2# 0-1

[Event "Live Chess"]
[Site "Chess.com"]
[Date "2024.06.02"]
[Round "-"]
[White "KeithArkell"]
[Black "blunderabit"]
[Result "1-0"]
[WhiteElo "2428"]
[BlackElo "1774"]
[TimeControl "300"]
[EndTime "4:51:10 PDT"]
[Termination "KeithArkell won by resignation"]

1. d4 d5 2. Nf3 Nf6 3. c4 dxc4 4. e3 b5 5. a4 b4 6. Bxc4 e6 7. b3 Be7 8. Bb2 Bb7 9. Nbd2 O-O 10. O-O c5 11.
dxc5 Nbd7 12. c6 Bxc6 13. Rc1 Qb6 14. Qe2 a6 15. Rfd1 Rfc8 16. Ne5 Nxe5 17. Bxe5 Qb7 18. f3 Bd5 19. Bxf6 Bxf6 20. e4 Bxc4 21. Nxc4 Bc3 22. Qe3 Qa7 23. Qxa7 Rxa7 24. Rd3 Kf8 25. Rcd1 Ke7 26.
Kf2 Rcc7 27. Ke2 Rd7 28. Rxd7+ Rxd7 29. Rxd7+ Kxd7 30. Kd3 Kc6 31. h3 Kc5 32. Ne3 h5 33. g4 hxg4 34. fxg4 f6 35. h4 Be1 36.
h5 Bh4 37. Nc4 Bg5 38. Nb2 Bc1 39. Nd1 Bg5 40. Nf2 Bh4 41. Nh3 Be1 42. Nf4 e5 43.
Ne6+ Kd6 44. Nxg7 Ke7 45. Kc4 Kf7 46. Nf5 1-0

[Event "Live Chess"]
[Site "Chess.com"]
[Date "2024.06.02"]
[Round "-"]
[White "road2gm5000"]
[Black "TheSmoulderingMaster"]
[Result "0-1"]
[WhiteElo "1103"]
[BlackElo "1778"]
[TimeControl "300"]
[EndTime "4:51:19 PDT"]
[Termination "TheSmoulderingMaster won by checkmate"]

1. e4 c5 2. Nf3 d6 3. Bb5+ Nd7 4. d4 cxd4 5. Nxd4 Nf6 6. Nc3 g6 7. Bg5 Bg7 8. Rg1 O-O 9. Qf3 Ne5 10. Qe3 a6 11.
Ba4 b5 12. Bb3 Bb7 13. f3 Rc8 14. O-O-O Qa5 15. Ne6 fxe6 16. Bxe6+ Kh8 17. Bxc8 Rxc8 18. a3 Nc4 19. Qa7 Nxb2 20. Qxb7 Qxc3 21. Rd2 Nd3+ 22.
Kb1 Qb2# 0-1